 Dungeon Crawl Stone Soup version 0.23.1 (webtiles) character file.

Game seed: 4877832970874853127

573 dvd the Shield-Bearer (level 7, -2/54 HPs)
             Began as a Formicid Fighter on Mar 4, 2019.
             Killed by divine providence
             ... invoked by an orc priest
              (16 damage)
             ... on level 4 of the Dungeon.
             The game lasted 00:08:03 (3684 turns).

dvd the Shield-Bearer (Formicid Fighter)            Turns: 3684, Time: 00:08:04

Health: -2/54      AC: 11    Str: 22    XL:     7   Next: 61%
Magic:  7/7        EV:  9    Int:  7    God:
Gold:   131        SH: 10    Dex: 11    Spells: 6/6 levels left

rFire    . . .     SeeInvis +   a - +0 war axe
rCold    . . .     Gourm    .   c - +0 shield
rNeg     . . .     Faith    .   b - +0 scale mail
rPois    .         Spirit   .   (helmet unavailable)
rElec    .         Reflect  .   B - +2 cloak
rCorr    .         Harm     .   x - +0 pair of gloves
MR       .....                  (no boots)
Stlth    ..........             v - amulet of regeneration
HPRegen  0.58/turn              (no ring)
MPRegen  0.10/turn              (no ring)

@: no status effects
A: permanent stasis, dig shafts and tunnels, four strong arms, antennae 3
a: Dig, Shaft Self


You were on level 4 of the Dungeon.
You were not hungry.

You visited 1 branch of the dungeon, and saw 5 of its levels.

You collected 131 gold pieces.

Inventory:

Hand Weapons
 a - a +0 war axe (weapon)
 g - a +0 mace
Missiles
 y - 2 tomahawks (quivered)
Armour
 b - a +0 scale mail (worn)
 c - a +0 shield (worn)
 m - a scarf of resistance
 u - a +0 ring mail of magic resistance
 x - a +0 pair of gloves (worn)
 B - a +2 cloak (worn)
 C - the +1 leather armour of Omission {rPois Int+8 Dex-2 SInv}
   (You found it on level 4 of the Dungeon)

   It affects your intelligence (+8).
   It affects your dexterity (-2).
   It protects you from poison.
   It lets you see invisible.
Jewellery
 v - an amulet of regeneration (around neck)
Scrolls
 i - 2 scrolls of random uselessness {unknown}
 j - 6 scrolls of identify {unknown}
 n - 4 scrolls of teleportation {unknown}
 p - a scroll of amnesia {unknown}
 q - a scroll of magic mapping {unknown}
 s - a scroll of fear {unknown}
 w - a scroll of blinking {unknown}
Potions
 d - 2 potions of might
 e - 2 potions of resistance {unknown}
 h - a potion of invisibility {unknown}
 k - 3 potions of brilliance {unknown}
 l - 2 potions of curing
 o - a potion of mutation {unknown}
 r - a potion of agility {unknown}
 t - a potion of haste
 z - a potion of lignification {unknown}
Comestibles
 f - 5 rations
 A - 7 chunks of flesh


   Skills:
 + Level 4.3 Fighting
 + Level 5.0 Axes
 + Level 5.1 Armour
 + Level 1.5 Dodging
 + Level 1.1 Stealth
 + Level 5.3 Shields


You had 6 spell levels left.
You didn't know any spells.
Your spell library was empty.

Dungeon Overview and Level Annotations

Branches:
Dungeon (5/15)
 Temple: D:4-7

Altars:
Nemelex Xobeh


Innate Abilities, Weirdness & Mutations

You cannot be hasted, slowed, berserked, paralysed or teleported.
You can dig through walls and to a lower floor.
Your four strong arms can wield two-handed weapons with a shield.
You have a pair of large antennae on your head. (SInv)


Message History

* * * LOW HITPOINT WARNING * * *
The hound bites you.
* * * LOW HITPOINT WARNING * * *
The gnoll hits you with a +0 flail.
* * * LOW HITPOINT WARNING * * *
The orc priest hits you with a +0 mace.
* * * LOW HITPOINT WARNING * * *
The gnoll hits you with a +0 club.
* * * LOW HITPOINT WARNING * * *
You feel better. The hound barely misses you.
The gnoll hits you with a +0 club.
* * * LOW HITPOINT WARNING * * *
You block the gnoll's attack.
You closely miss the gnoll.
The gnoll is severely wounded.
You completely miss the orc priest. You hit the hound.
You closely miss the gnoll. The hound closely misses you.
The orc priest mumbles some strange prayers to Beogh against you.
Beogh smites you!
You die...

...[....#'####+##+#.............#
........#....#....#<............#
........#....#....'.............#
........#....#....#.............#
........###'##.##.#.............#
###'#####...##.##'#########.....#
...............'..........#.....#
...............#gh........'.....#
...............#@.........#.....#
.......##......#go...###'##.....#
.......##......##....#..........#
.......###+###########..........#
.......#.......#...........######
.......'.......#...........'.)...
.......#.......#...........#.....
#########......#...........#...##
........########...........#...##


You could see a hound, an orc priest and 2 gnolls.

Vanquished Creatures
  2 sky beasts (D:4)
  An ogre (D:4)
  A scorpion (D:4)
  2 orc wizards (D:4)
  5 gnolls
  6 adders
  4 worms
  3 dart slugs
  3 leopard geckos
  4 orcs
  2 giant cockroaches (D:3)
  8 goblins
  8 hobgoblins
  9 jackals
  2 quokkas
  4 bats
  4 frilled lizards
  8 kobolds
  2 rats
78 creatures vanquished.

Notes
Turn   | Place    | Note
-------+----------+-------------------------------------------
     0 | D:1      | dvd the Formicid Fighter began the quest for the Orb.
     0 | D:1      | Reached XP level 1. HP: 18/18 MP: 1/1
   156 | D:1      | Reached XP level 2. HP: 18/24 MP: 2/2
   971 | D:2      | Reached XP level 3. HP: 29/29 MP: 3/3
  1326 | D:2      | Found a faded altar of an unknown god.
  1652 | D:2      | Reached XP level 4. HP: 15/37 MP: 4/4
  2363 | D:3      | Reached XP level 5. HP: 42/42 MP: 5/5
  2486 | D:3      | Found a sparkling altar of Nemelex Xobeh.
  2848 | D:4      | Noticed a sky beast
  2854 | D:4      | Killed a sky beast
  2854 | D:4      | Reached skill level 1 in Stealth
  2854 | D:4      | Reached XP level 6. HP: 40/48 MP: 6/6
  3034 | D:4      | Noticed an ogre
  3043 | D:4      | Killed an ogre
  3043 | D:4      | Reached skill level 1 in Dodging
  3305 | D:4      | Reached XP level 7. HP: 54/54 MP: 7/7
  3310 | D:4      | Reached skill level 5 in Shields
  3340 | D:4      | Reached skill level 5 in Armour
  3380 | D:4      | Got a jewelled leather armour
  3391 | D:4      | Identified the +1 leather armour of Omission {rPois Int+8
                  | Dex-2 SInv} (You found it on level 4 of the Dungeon)
  3578 | D:5      | Entered Level 5 of the Dungeon
  3677 | D:5      | Reached skill level 5 in Axes
  3684 | D:4      | Killed from afar by an orc priest

Skill      XL: |  1  2  3  4  5  6  7 |
---------------+----------------------+-----
Shields        | 4 5 |  5.3
Axes           | 3 4 5 |  5.0
Fighting       | 4 |  4.3
Armour         | 4 5 |  5.1
Stealth        | 1 |  1.1
Dodging        | 1 |  1.5

Action                   |  1- 3 |  4- 6 |  7- 9 || total
-------------------------+-------+-------+-------++-------
Melee: War axe           |   129 |   108 |    36 ||   273
  Use: Potion            |       |       |     1 ||     1
  Eat: Chunk             |     2 |     6 |     1 ||     9
Armor: Scale mail        |    39 |    47 |    32 ||   118
Dodge: Dodged            |    36 |    46 |    28 ||   110
Block: Shield            |    75 |    70 |    38 ||   183
